 Dungeon Crawl Stone Soup version 0.28-b1-25-g9875b3fc8c (webtiles) character file.

Game seed: 2841860158041882736

240 crazypyro the Skirmisher (level 5, -1/42 HPs)
             Began as a Demonspawn Fighter on Feb 1, 2022.
             Was an Initiate of Gozag.
             Succumbed to a scorpion's poison
             ... on level 5 of the Dungeon.
             The game lasted 00:04:05 (3588 turns).

crazypyro the Skirmisher (Demonspawn Fighter)       Turns: 3588, Time: 00:04:06

Health: -1/42      AC:  9    Str: 19    XL:     5   Next: 79%
Magic:  5/5        EV:  8    Int:  9    God:    Gozag
Gold:   335        SH:  4    Dex: 12    Spells: 4/4 levels left

rFire   . . .      SeeInvis .   a - +0 flail
rCold   . . .      Faith    .   c - +0 buckler
rNeg    . . .      Spirit   .   f - +0 chain mail
rPois   .          Reflect  .   (no helmet)
rElec   .          Harm     .   (no cloak)
rCorr   .          Rampage  .   (no gloves)
Will    .....                   (no boots)
Stlth   ..........              (no amulet)
HPRegen 0.14/turn               (no ring)
MPRegen 0.09/turn               (no ring)

@: lethally poisoned (-1 -> -12)
A: sturdy frame 1, demonic touch 1
a: Renounce Religion, Potion Petition, Call Merchant, Bribe Branch


You were on level 5 of the Dungeon.
You worshipped Gozag.
Gozag was aware of your devotion.
You visited 1 branch of the dungeon, and saw 5 of its levels.

You collected 363 gold pieces.
You paid 28 gold pieces to Gozag.

Inventory:

Hand Weapons
 a - a +0 flail (weapon)
Armour
 b - a +0 scale mail
 c - a +0 buckler (worn)
 f - a +0 chain mail (worn)
Jewellery
 i - an amulet of faith
Wands
 q - a wand of iceblast (8)
 w - a wand of paralysis (7)
Scrolls
 e - a scroll of teleportation {unknown}
 h - a scroll of brand weapon {unknown}
 j - 4 scrolls of identify
 m - a scroll of immolation {unknown}
 n - a scroll of enchant armour {unknown}
 o - a scroll of silence {unknown}
 s - a scroll of magic mapping
 t - a scroll of vulnerability {unknown}
Potions
 d - a potion of might
 g - a potion of ambrosia
 k - 2 potions of curing {unknown}
 l - 3 potions of lignification {unknown}
 p - 2 potions of heal wounds {unknown}
 r - a potion of resistance {unknown}
 u - a potion of flight {unknown}
 v - a potion of degeneration {unknown}


   Skills:
 - Level 4.0 Fighting
 * Level 3.9 Maces & Flails
 + Level 3.7 Armour
 + Level 1.3 Dodging
 - Level 2.6 Shields


You had 4 spell levels left.
You didn't know any spells.
Your spell library contained the following spells:

 Spells                   Type           Power      Damage    Failure   Level
 Corpse Rot               Necr/Air       0%         N/A       99%         2
 Stone Arrow              Conj/Erth      0%         3d7       100%        3
 Animate Armour           Summ/Erth      0%         N/A       100%        4
 Dispel Undead            Necr           0%         3d6       100%        4
 Death Channel            Necr           0%         N/A       100%        6
 Lehudib's Crystal Spear  Conj/Erth      0%         10d2      100%        8


Dungeon Overview and Level Annotations

Branches:
Dungeon (5/15)
 Temple: D:4-7

Altars:
Gozag

Shops:
D:1 !

Portals:
Abyss: D:3

Annotations:
D:3 2 transporters, WaxSun's ghost, amateur MfIE


Innate Abilities, Weirdness & Mutations

Your movements are slightly less encumbered by armour. (ER -2)
Your touch may inflict minor irresistible damage on your foes.


Message History

HP restored.
Found a stone staircase leading down.
A scorpion comes into view.
You closely miss the scorpion. The scorpion stings you.
You hit the scorpion.
The scorpion is lightly wounded.
The scorpion stings you but does no damage.
You hit the scorpion.
The scorpion is moderately wounded.
The scorpion barely misses you. x2
You hit the scorpion but do no damage.
The scorpion is moderately wounded.
The scorpion stings you.
You are poisoned.
The scorpion poisons you!
You hit the scorpion but do no damage.
The scorpion is moderately wounded.
You feel very sick. The scorpion stings you. x2
You closely miss the scorpion.
The scorpion is moderately wounded.
You feel sick. The scorpion stings you!
You are lethally poisoned!
The scorpion poisons you!
You are too injured to fight recklessly!
You closely miss the scorpion.
The scorpion is moderately wounded.
* * * LOW HITPOINT WARNING * * *
You feel extremely sick. The scorpion barely misses you.
The scorpion closely misses you.
You thump the scorpion!
The scorpion is severely wounded.
* * * LOW HITPOINT WARNING * * *
You feel very sick. The scorpion closely misses you. The scorpion stings you.
* * * LOW HITPOINT WARNING * * *
You barely miss the scorpion.
The scorpion is severely wounded.
You die...
Your body crumbles into a pile of gold.

. ##########....
#.....@s>.....
#..##.##....... #
#.##.###...
#.##.############
##.##.......#....#
#.....#####.#.##.#
#.....#
#......####
#.....#
#......##..
#.....#
#......##.#


You could see a scorpion.

Vanquished Creatures
  A hound (D:4)
  A bullfrog skeleton (D:4)
  An orc priest (D:4)
  A hound skeleton (D:4)
  A gnoll (D:1)
  4 adders
  A worm (D:5)
  2 dart slugs
  5 orcs
  6 ball pythons (D:1)
  4 endoplasms
  6 giant cockroaches
  8 goblins
  10 hobgoblins
  5 jackals
  4 quokkas
  6 bats
  6 frilled lizards
  5 kobolds
  4 rats
81 creatures vanquished.

Notes
Turn   | Place    | Note
-------+----------+-------------------------------------------
     0 | D:1      | crazypyro the Demonspawn Fighter began the quest for the
                  | Orb.
     0 | D:1      | Reached XP level 1. HP: 18/18 MP: 1/1
   265 | D:1      | Gained mutation: Your touch may inflict minor irresistible
                  | damage on your foes. [demonic ancestry]
   265 | D:1      | Reached XP level 2. HP: 3/24 MP: 2/2
   749 | D:1      | Found Cappom's Distillery.
   864 | D:1      | Found a faded altar of an unknown god.
  1069 | D:1      | Reached XP level 3. HP: 29/29 MP: 3/3
  1926 | D:2      | Gained mutation: Your movements are slightly less
                  | encumbered by armour. (ER -2) [demonic ancestry]
  1926 | D:2      | Reached XP level 4. HP: 34/35 MP: 4/4
  2020 | D:2      | Found an opulent altar of Gozag.
  2068 | D:2      | Became a worshipper of Gozag Ym Sagoz the Greedy
  2620 | D:3      | Found a one-way gate to the infinite horrors of the Abyss.
  2620 | D:3      | Noticed WaxSun's ghost (amateur MfIE)
  2635 | D:3      | Found a transporter.
  2636 | D:3      | Found a transporter.
  2646 | D:3      | Noticed a small abomination
  2948 | D:4      | Reached XP level 5. HP: 40/42 MP: 5/5
  3003 | D:4      | Reached skill level 1 in Dodging
  3206 | D:4      | Reached skill level 4 in Fighting
  3457 | D:5      | Entered Level 5 of the Dungeon
  3587 | D:5      | HP: 2/42 [scorpion (4)]
  3588 | D:5      | Succumbed to a scorpion's poison

Illustrated notes

Levels and vault maps discovered:
D:1:      dpeg_arrival_tiny_a, layout_basic, hellmonk_ecumenical_altar_run_dry,
          serial_shops, shop, minmay_close_crescents
D:2:      layout_rooms, basic_altar, hex_medium
D:3:      layout_rooms, gammafunk_ghost_abyssal_escape
D:4:      layout_rooms, kennysheep_donut
D:5:      kennysheep_kobold_camp, layout_basic, kennysheep_little_box,
          temple_fountains, uniq_crazy_yiuf_cottage

Skill      XL: |  1  2  3  4  5 |
---------------+----------------+-----
Maces & Flails | 2 3 |  3.9
Armour         | 3 |  3.7
Dodging        | 1 |  1.3
Fighting       | 4 |  4.0
Shields        | |  2.6

Action                   |  1- 3 |  4- 6 || total
-------------------------+-------+-------++-------
Melee: Flail             |   137 |   129 ||   266
  Use: Scroll            |     3 |       ||     3
Armor: Chain mail        |    83 |    77 ||   160
       Scale mail        |    12 |       ||    12
Dodge: Dodged            |    50 |    65 ||   115
Block: Buckler           |    40 |    36 ||    76
